 Dungeon Crawl Stone Soup version 0.20.0-7-g3b7b877 (webtiles) character file.

158 shmeve the Skirmisher (level 5, 0/61 HPs)
             Began as a Vampire Berserker on May 28, 2017.
             Was a Believer of Trog.
             Slain by a gnoll
             ... wielding a +0 spear
              (3 damage)
             ... on level 3 of the Dungeon.
             The game lasted 00:05:34 (2673 turns).

shmeve the Skirmisher (Vampire Berserker)           Turns: 2673, Time: 00:05:34

Health: 0/61       AC:  5    Str: 22    XL:     5   Next: 16%
Magic:  5/5        EV: 13    Int:  9    God:    Trog [**....]
Gold:   187        SH:  0    Dex: 14    Spells: 4/4 levels left

rFire    . . .     SeeInvis +   a - +0 hand axe
rCold    . . .     Gourm    .   (no shield)
rNeg     + . .     Faith    .   m - +0 leather armour
rPois    .         Spirit   .   b - +0 helmet
rElec    .         Reflect  .   i - +0 cloak
rCorr    .         Harm     +   (no gloves)
MR       .....                  (no boots)
Stlth    ..........             n - amulet of harm
Regen    0.2/turn               (no ring)
MPRegen  0.1/turn               (no ring)

@: berserking (expiring), very quick
A: fangs 3, see invisible, unbreathing
a: Bat Form, Berserk, Trog's Hand, Burn Spellbooks, Renounce Religion


You were on level 3 of the Dungeon.
You worshipped Trog.
Trog was pleased with you.
You were not thirsty.

You visited 1 branch of the dungeon, and saw 3 of its levels.

You collected 187 gold pieces.

Inventory:

Hand Weapons
 a - a +0 hand axe (weapon)
Armour
 b - a +0 helmet (worn)
 i - a +0 cloak (worn)
 m - a +0 leather armour (worn)
Jewellery
 n - an amulet of harm (around neck)
Scrolls
 d - a scroll of random uselessness {unknown}
 e - 2 scrolls of immolation {unknown}
 g - 2 scrolls of fog {unknown}
 h - 3 scrolls of identify {unknown}
 j - a scroll of remove curse {unknown}
 l - a scroll of enchant armour {unknown}
Potions
 c - 17 potions of blood
 f - 2 potions of invisibility {unknown}
 k - a potion of ambrosia {unknown}


   Skills:
 * Level 3.6 Fighting
 * Level 3.5 Axes
 + Level 2.1 Armour
 * Level 3.2 Dodging
 + Level 2.4 Stealth


You had 4 spell levels left.
You didn't know any spells.

Dungeon Overview and Level Annotations

Branches:
Dungeon (3/15)

Altars:
Makhleb


Innate Abilities, Weirdness & Mutations

You have razor-sharp teeth.
You have supernaturally acute eyesight. (SInv)
You can survive without breathing.


Message History

You kill the gnoll!
Trog accepts your kill.
The gnoll hits you from afar with a halberd.
* * * LOW HITPOINT WARNING * * *
The gnoll hits you with a halberd.
* * * LOW HITPOINT WARNING * * *
The gnoll hits you from afar with a spear.
* * * LOW HITPOINT WARNING * * *
You see here a flail.
You slash the gnoll! You bite the gnoll.
You kill the gnoll!
Trog accepts your kill.
The gnoll hits you from afar with a spear.
* * * LOW HITPOINT WARNING * * *
Found 17 gold pieces.
You see here a halberd.
You slash the gnoll! Your bite misses the gnoll.
The gnoll is almost dead.
The gnoll hits you with a spear.
You die...

#.....' ####.....#
#........# .# #........#
.# #### #........##.# ..
.... .........##.####..
####..####.....##.......
......g@)...............
#####..###)..........##.
#.... #####.......##.
#..$. #.......##. #....
#.......##. #####
#.......##. #..........
#.......... #..........


You could see a gnoll.

Vanquished Creatures
  Crazy Yiuf (D:2)
  Robin (D:2)
  3 gnolls (D:3)
  2 worms (D:2)
  A dart slug (D:2)
  2 leopard geckos
  An orc (D:3)
  7 bats
  27 goblins
  11 hobgoblins
  2 jackals (D:3)
  A quokka (D:3)
  A frilled lizard (D:2)
  3 kobolds
  8 rats
71 creatures vanquished.

Notes
Turn   | Place    | Note
-------+----------+-------------------------------------------
     0 | D:1      | shmeve the Vampire Berserker began the quest for the Orb.
     0 | D:1      | Reached XP level 1. HP: 17/17 MP: 1/1
   233 | D:1      | Reached XP level 2. HP: 22/23 MP: 2/2
   848 | D:1      | Reached skill level 1 in Stealth
  1070 | D:2      | Reached XP level 3. HP: 29/29 MP: 3/3
  1176 | D:2      | Reached ** piety under Trog
  1206 | D:2      | Found a runed door.
  1280 | D:2      | Found a burning altar of Makhleb.
  1703 | D:2      | Noticed Robin
  1712 | D:2      | Reached XP level 4. HP: 31/35 MP: 4/4
  1718 | D:2      | Killed Robin
  2043 | D:2      | Noticed Crazy Yiuf
  2051 | D:2      | Killed Crazy Yiuf
  2668 | D:3      | Reached XP level 5. HP: 35/41 MP: 5/5
  2671 | D:3      | HP: 3/61 [gnoll/spear (4)]
  2673 | D:3      | Slain by a gnoll

Skill      XL: |  1  2  3  4 |
---------------+-------------+-----
Axes           | 3 |  3.5
Fighting       | 3 |  3.6
Stealth        | 1 2 |  2.4
Armour         | 2 |  2.1
Dodging        | 3 |  3.2

Action                   |  1- 3 |  4- 6 || total
-------------------------+-------+-------++-------
Melee: Hand axe          |   104 |    56 ||   160
       Bite              |     9 |     9 ||    18
Invok: Berserk           |     2 |     2 ||     4
       Trog's Hand       |       |     1 ||     1
  Use: Potion            |     9 |     5 ||    14
 Stab: Sleeping          |     1 |     3 ||     4
Armor: Animal skin       |    11 |       ||    11
       Leather armour    |    14 |    19 ||    33
Dodge: Dodged            |    95 |    53 ||   148
